 Seeded DCSS version 0.30.0-19-g36f170ea60 (webtiles) character file.

Game seed: 6351066067085065685 (custom seed)

30 Esekla the Grave Robber (level 3, 0/19 HPs)
             Began as a Deep Elf Necromancer on May 29, 2023.
             Was an Initiate of Vehumet.
             Slain by a black bear (5 damage)
             ... on level 2 of the Dungeon.
             The game lasted 00:07:12 (1167 turns).

Esekla the Grave Robber (Deep Elf Necromancer)      Turns: 1167, Time: 00:07:13

Health: 0/19       AC:  2    Str:  5    XL:     3   Next: 5%
Magic:  7/10       EV: 13    Int: 21    God:    Vehumet [......]
Gold:   76         SH:  0    Dex: 15    Spells: 5/9 levels left

rFire   . . .        c - +1 dagger (drain)
rCold   . . .        (no shield)
rNeg    . . .        a - +0 robe
rPois   .            (no helmet)
rElec   .            (no cloak)
rCorr   .            (no gloves)
SInv    .            (no boots)
Will    .....        (no amulet)
Stlth   ++           (no ring)
HPRegen 0.23/turn    (no ring)
MPRegen 0.12/turn

%: no passive effects
@: no status effects
A: no striking features
a: Renounce Religion


You were on level 2 of the Dungeon.
You worshipped Vehumet.
Vehumet was noncommittal.
You visited 1 branch of the dungeon, and saw 4 of its levels.

You collected 76 gold pieces.

Inventory:

Hand Weapons
 c - a +1 dagger of draining (weapon)
Armour
 a - a +0 robe (worn)
Scrolls
 e - a scroll of fear {unknown}
 f - a scroll of identify {unknown}
 l - a scroll of fog {unknown}
Potions
 b - a potion of magic
 d - a potion of ambrosia {unknown}
 g - a potion of attraction {unknown}
 h - a potion of haste {unknown}
 i - a potion of curing {unknown}
 j - a potion of heal wounds {unknown}
 k - 2 potions of brilliance {unknown}


   Skills:
 + Level 0.1 Fighting
 + Level 0.7 Short Blades
 * Level 2.8 Dodging
 + Level 2.6 Stealth
 * Level 3.5 Spellcasting
 + Level 5.2 Necromancy


You had 5 spell levels left.
You knew the following spells:

 Your Spells              Type           Power      Damage    Failure   Level
a - Necrotise             Necr           100%       1d9       1%          1
d - Vampiric Draining     Necr           25%        2d7       4%          3

Your spell library contained the following spells:

 Spells                   Type           Power      Damage    Failure   Level
 Animate Dead             Necr           25%        N/A       14%         4
 Lesser Beckoning         Tloc           6%         N/A       19%         2
 Gell's Gravitas          Tloc           3%         N/A       36%         3
 Teleport Other           Tloc           3%         N/A       36%         3
 Agony                    Necr           25%        N/A       36%         5


Dungeon Overview and Level Annotations

Branches:
Dungeon (4/15)
 Temple: D:4-7

Altars:
Vehumet


Message History

You see here a hobgoblin corpse.
There is a stone staircase leading down here.
You climb downwards.
There is a stone staircase leading up here.
A gnoll comes into view. It is wielding a +0 spear.
There is a stone staircase leading up here.
You climb upwards.
There is a stone staircase leading down here.
Things that are here:
3 stones; a +0 short sword; a kobold skeleton
There is a stone staircase leading down here.
You climb downwards.
Found 11 gold pieces.
There is a stone staircase leading up here.
Found a short sword.
You now have 76 gold pieces (gained 11).
A black bear comes into view.
A rat comes into view.
Found 6 gold pieces.
The rat completely misses you.
You hit the rat.
You kill the rat!
Vehumet accepts your kill.
The black bear bites you but does no damage.
The black bear claws you but does no damage. x2
You hit the black bear.
The black bear is lightly wounded.
The black bear bites you. The black bear claws you. x2
Casting: Necrotise (safe; 1% risk of failure)
Confirm with . or Enter, or press ? or * to list all spells.
The spell is quite dangerous to miscast (4% risk of failure)!
Continue anyway?
Aiming: Vampiric Draining (quite dangerous; 4% risk of failure)
Press: ? - help, Shift-Dir - straight line, f - black bear
Aim: a black bear (lightly wounded)
You draw life force from the black bear.
You feel life coursing into your body. The black bear bites you!
* * * LOW HITPOINT WARNING * * *
The black bear claws you but does no damage.
The black bear claws you.
You die...

g..... ...## #..#
#... ..# #..# #.#
#..#####.###
#<.........#
#........).# #####
#.######.#.####.$....
#............@h.#
########.#.######
#.#†# #.#.# ..#.#
###.# #.# #.# #.#


You could see a black bear.

Vanquished Creatures
  A dart slug (D:1)
  5 ball pythons (D:1)
  3 bats
  4 endoplasms
  4 goblins (D:1)
  A hobgoblin (D:1)
  A quokka (D:1)
  2 frilled lizards (D:1)
  3 kobolds (D:1)
  A rat (D:2)
25 creatures vanquished.

Notes
Turn   | Place    | Note
-------+----------+-------------------------------------------
     0 | D:1      | Esekla the Deep Elf Necromancer began the quest for the
                  | Orb.
     0 | D:1      | Reached XP level 1. HP: 10/10 MP: 6/6
    60 | D:1      | Reached skill level 5 in Necromancy
   348 | D:1      | Reached XP level 2. HP: 11/15 MP: 8/8
   556 | D:4      | Found a radiant altar of Vehumet.
   560 | D:4      | Became a worshipper of Vehumet
   944 | D:1      | Reached XP level 3. HP: 8/19 MP: 10/10
   948 | D:1      | Learned a level 3 spell: Vampiric Draining
  1158 | D:2      | Noticed a black bear
  1167 | D:2      | Slain by a black bear

Illustrated notes

Levels and vault maps discovered:
D:1:      sevenhm_arrival_forest_fort_small_3, layout_rooms,
          chequers_serial_rivers_room_b, minmay_misc_feat_five
D:2:      layout_loops_ring, dreamdust_ecumenical_altar_angels_and_demons,
          serial_shops, shop
D:3:      layout_basic, grunt_temple_overflow_open, minmay_misc_feat_iff
D:4:      layout_basic, nicolae_overflow_quartered_altars, serial_shops,
          nicolae_diamond_shop

Skill      XL: |  1 |
---------------+----+-----
Necromancy     | 5 |  5.2
Fighting       | |  0.1
Short Blades   | |  0.7
Dodging        | |  2.8
Stealth        | |  2.6
Spellcasting   | |  3.5

Action                     || total
---------------------------++-------
  Melee: Dagger            ||    55
         Unarmed           ||    10
         Short sword       ||     5
         Punch             ||     1
   Cast: Vampiric Draining ||     1
   Stab: Sleeping          ||     2
 Armour: Robe              ||    18
  Dodge: Dodged            ||    36
